 Dungeon Crawl Stone Soup version 0.22-a0-274-gf8199ec (webtiles) character file.

1650 Serpenta the Covert (level 9, -1/68 HPs)
             Began as a Naga Enchanter on Mar 13, 2018.
             Was an Initiate of Ashenzari.
             Slain by a wraith (10 damage)
             ... on level 8 of the Dungeon.
             The game lasted 00:23:41 (7136 turns).

Serpenta the Covert (Naga Enchanter)                Turns: 7136, Time: 00:23:42

Health: -1/68      AC: 12    Str: 12    XL:     9   Next: 0%
Magic:  1/13       EV:  9    Int: 16    God:    Ashenzari [......]
Gold:   358        SH:  4    Dex: 13    Spells: 9/14 levels left

rFire    + . .     SeeInvis +   o - +3 dagger (venom) (curse)
rCold    . . .     Gourm    .   a - +0 buckler (curse)
rNeg     + . .     Faith    .   g - +3 leather armour
rPois    +         Spirit   .   n - +1 helmet
rElec    .         Reflect  .   i - +1 cloak
rCorr    .         Harm     .   e - +0 pair of gloves
MR       +....                  (no barding)
Stlth    ++++......             (no amulet)
HPRegen  0.21/turn              h - ring of protection from fire
MPRegen  0.13/turn              j - ring of positive energy

@: slowed, very slow
A: large, see invisible, deformed body, poison resistance, slowness 2, slow
metabolism 1, spit poison 1, AC +3
a: Spit Poison, Curse Item, Renounce Religion


You were on level 8 of the Dungeon.
You worshipped Ashenzari.
Ashenzari was noncommittal.
You were hungry.

You visited 2 branches of the dungeon, and saw 9 of its levels.

You collected 358 gold pieces.


Innate Abilities, Weirdness & Mutations

You cannot wear boots.
Your serpentine skin is tough. (AC +3)
You have supernaturally acute eyesight. (SInv)
Armour fits poorly on your strangely shaped body.
Your system is resistant to poisons. (rPois)
You cover ground very slowly.
You have a slow metabolism.
You can spit poison.


   Skills:
 + Level 5.8 Short Blades
 - Level 1.5 Dodging
 + Level 10.1 Stealth
 - Level 2.4 Shields
 + Level 3.0 Spellcasting
 + Level 6.6 Hexes


You had 9 spell levels left.
You knew the following spells:

 Your Spells              Type           Power        Failure   Level  Hunger
B - Ensorcelled Hibernat  Hex/Ice        ##....       9%          2    ##.....
C - Confuse               Hex            ###.....     4%          3    ###....

Action                   |  1- 3 |  4- 6 |  7- 9 || total
-------------------------+-------+-------+-------++-------
Melee: Dagger            |    57 |   115 |   142 ||   314
Throw: Tomahawk          |       |       |     1 ||     1
 Cast: Corona            |     1 |     1 |       ||     2
       Ensorcelled Hiber |    17 |    33 |    32 ||    82
       Confuse           |       |       |    29 ||    29
Invok: Curse Item        |       |       |     2 ||     2
 Abil: Spit Poison       |     4 |     7 |     8 ||    19
Evoke: Wand              |       |       |     1 ||     1
  Use: Scroll            |     2 |    11 |     1 ||    14
       Potion            |       |       |     1 ||     1
 Stab: Sleeping          |    21 |    33 |    14 ||    68
       Confused          |       |       |     6 ||     6
  Eat: Chunk             |     3 |    10 |     6 ||    19
       Ration            |       |       |     2 ||     2
Armor: Robe              |    16 |    35 |    26 ||    77
       Leather armour    |       |       |    45 ||    45
Dodge: Dodged            |    26 |    58 |    67 ||   151
Block: Buckler           |       |     3 |    30 ||    33

Inventory:

Hand Weapons
 o - a cursed +3 dagger of venom (weapon)
Missiles
 v - 2 tomahawks of returning (quivered)
Armour
 a - a cursed +0 buckler (worn)
 e - a +0 pair of gloves (worn)
 g - a +3 leather armour (worn)
 i - a +1 cloak (worn)
 n - a +1 helmet (worn)
Jewellery
 h - a ring of protection from fire (left hand)
 j - a ring of positive energy (right hand)
Wands
 k - a wand of clouds (5)
Scrolls
 m - a scroll of fog
 p - 2 scrolls of amnesia
 q - 2 scrolls of teleportation
 s - a scroll of magic mapping
 y - 2 scrolls of enchant armour
Potions
 b - a potion of flight {unknown}
 c - 2 potions of ambrosia
 f - 4 potions of curing
 l - a potion of invisibility {unknown}
 r - a potion of magic {unknown}
 u - a potion of heal wounds {unknown}
Comestibles
 d - 15 rations

####### ######## ##.g....
##......# #.......
#.......### ##..##..#
#........####...###W#
#....W.#..).....##...
..####@#..####†#...#._[
#......................
#.##########..#.....#.#....##
#......#####.##.###....##..#
#####....##.................
#....###....###..##...#.....
#....# ####...##.# .)..#....
#....# ###.# .# # #......
#....##### ..#.. . .....


You could see a wraith.

Vanquished Creatures
  Sigmund (D:6)
  A steam dragon (D:7)
  2 sky beasts
  An ice beast (D:6)
  A phantom (D:7)
  A centaur (D:7)
  2 bullfrogs
  A wyvern zombie (D:7)
  A scorpion (D:6)
  4 crimson imps
  An orc priest (D:5)
  A bullfrog skeleton (D:5)
  A gnoll shaman (D:8)
  Crazy Yiuf (D:6)
  Jessica (D:3)
  3 orc wizards
  A worker ant (D:5)
  2 hound skeletons
  A worker ant zombie (D:6)
  7 adders
  9 gnolls
  An ooze (D:1)
  An adder zombie (D:7)
  3 worms
  2 dart slugs
  6 leopard geckos
  14 orcs
  7 bats
  5 giant cockroaches
  7 goblins
  15 hobgoblins
  2 jackals (D:6)
  5 quokkas
  A ball python (D:1)
  9 frilled lizards
  5 kobolds
  4 rats
130 creatures vanquished.

Vanquished Creatures (others)
  4 toadstools (D:1)
4 creatures vanquished.

Grand Total: 134 creatures vanquished

Vault maps used:
D:1:      ldierk_walled_garden_2, hangedman_glass_teeth, minmay_cupped
D:2:      nicolae_dithmenos_shadow_blocks, kennysheep_generic_room_15
D:3:      kb_forest_paths, tso_oasis_becter, first_ration, uniq_jessica
D:4:      nicolae_gozag_zags_fifth_avenue, tgw_xom
D:5:      minmay_temple_entry_glassed_door, uniq_eustachio
D:6:      uniq_sigmund, uniq_grinder, uniq_crazy_yiuf_cottage
D:7:      zin_purify
D:8:      serial_glass, glass_columns_b, glass_columns_b, glass_columns_b,
          trog_three_pillars_becter, uniq_psyche
Temple:   nicolae_temple_great_sept


Message History

The wraith hits you.
* * * LOW HITPOINT WARNING * * *
The wraith drains your vigour!
You feel as though you will be slow longer.
The wraith hits you.
* * * LOW HITPOINT WARNING * * *
The wraith drains your vigour!
You feel as though you will be slow longer.
Casting: Confuse (safe; 4% risk of failure)
Confirm with . or Enter, or press ? or * to list all spells.
Aiming: Confuse (safe; 4% risk of failure)
Press: ? - help, Shift-Dir - straight line, f/p - wraith
Aim: a wraith (lightly damaged, chance to defeat MR: 20%)
The wraith resists with almost no effort.
The wraith hits you.
* * * LOW HITPOINT WARNING * * *
The wraith drains your vigour!
You feel as though you will be slow longer.
The wraith hits you!
You die...

Notes
Turn   | Place    | Note
-------+----------+-------------------------------------------
     0 | D:1      | Serpenta the Naga Enchanter began the quest for the Orb.
     0 | D:1      | Reached XP level 1. HP: 15/15 MP: 3/3
   507 | D:1      | Reached XP level 2. HP: 22/22 MP: 5/5
   511 | D:1      | Learned a level 2 spell: Ensorcelled Hibernation
   571 | D:1      | Reached skill level 5 in Stealth
  1124 | D:2      | Reached XP level 3. HP: 28/28 MP: 1/6
  1569 | D:2      | Found a shadowy altar of Dithmenos.
  1754 | D:2      | Reached XP level 4. HP: 36/36 MP: 4/7
  2593 | D:3      | Noticed Jessica
  2765 | D:3      | Killed Jessica
  2765 | D:3      | Reached skill level 6 in Stealth
  2765 | D:3      | Reached XP level 5. HP: 40/42 MP: 3/8
  2863 | D:3      | Found a glowing golden altar of the Shining One.
  3262 | D:3      | Noticed an ice beast
  3496 | D:4      | Got a faintly humming chain mail
  3522 | D:4      | Found an opulent altar of Gozag.
  3526 | D:4      | Found Gozag's Platinum Reserve.
  3785 | D:4      | Learned a level 3 spell: Confuse
  3817 | D:4      | Reached XP level 6. HP: 49/49 MP: 9/9
  3895 | D:4      | Found a shimmering altar of Xom.
  4245 | D:5      | Entered Level 5 of the Dungeon
  4259 | D:5      | Reached skill level 7 in Stealth
  4393 | D:5      | Noticed a sky beast
  4402 | D:5      | Killed a sky beast
  4402 | D:5      | Reached skill level 1 in Shields
  4492 | D:6      | Noticed a sky beast
  4494 | D:6      | Killed a sky beast
  4494 | D:6      | Reached skill level 5 in Hexes
  4494 | D:6      | Reached XP level 7. HP: 55/55 MP: 7/10
  4657 | D:6      | Noticed Sigmund
  4672 | D:6      | Killed Sigmund
  4672 | D:6      | Reached skill level 8 in Stealth
  5049 | D:5      | Found a staircase to the Ecumenical Temple.
  5054 | Temple   | Entered the Ecumenical Temple
  5095 | Temple   | Became a worshipper of Ashenzari the Shackled
  5110 | Temple   | Identified the +6 chain mail of Bimuim {rCorr Stlth+} (You found it on level 4 of the Dungeon)
  5245 | D:5      | Reached XP level 8. HP: 54/62 MP: 6/11
  5749 | D:6      | Found a runed door.
  5753 | D:6      | Noticed Crazy Yiuf
  5757 | D:6      | Killed Crazy Yiuf
  5757 | D:6      | Reached skill level 9 in Stealth
  5806 | D:6      | Noticed Grinder
  5826 | D:6      | Reached skill level 5 in Short Blades
  6383 | D:7      | Found a glowing silver altar of Zin.
  6435 | D:7      | Found Zin's Purification Station.
  6906 | D:7      | Reached skill level 10 in Stealth
  7010 | D:8      | Found a bloodstained altar of Trog.
  7064 | D:8      | Noticed a wraith
  7102 | D:8      | Reached XP level 9. HP: 68/68 MP: 8/13
  7136 | D:8      | Slain by a wraith
